Unix NetHack Version 5.0.0-0 post-release - last build May 17 2026 04:57:42 (dc50c8380fa5e20985bfe3072449f57b8d9895ef,branch:main).

Game began 2026-05-20 10:46:36, ended 2026-05-20 18:10:47.

Anarchos, lawful female dwarven Valkyrie

                                    ------                          ----
  ---                               |....-------                   --*.|  ----
 |..---                            --..|.......--                  |...----..|
 |....--  ----                     |...|--......| ---              --......".|
 |.....| --..--                    |.--- --)..-.--|.--            ---.......--
 |.....| |....|                    |..|   |.......|..---        ---.........---
 |-.^-----....|                    |..|   ---..........--      --.............|
 -...|-......--           ----     |.--    --...`.......--     |..............|
|....|.<.....--           |..|    --.|---  |.............--    --..^........---
|........@....---         |..|  --|..--.-- |.........^)...|     |.--.--....--
 ----...........-------  --..----.|......| |....--..`---..|  -------.|--...|
    |............|.|..-- |....|..........----..-|--.-  --.---|....)..| --.--
    ---.--.-G....u.....| |.--.|...........| |...| ---   |*...|.-------  ---
  --------...---.--.>..|--.||............-- |.---       ----...|
  |.........--------..---..||.....--.....|  |.|            |..--
  |...-----...|    |..--..----....| --..--  |.|           --..---
  |.---  |....|    --.....|  --..--  ----   |.--          |.....|
  ---    |....|     --....|   |..|          |..|          |.....|
         --.---      --...|   ----          |..|          --....|
          ---         |..--                 ----           ---.--
                      ----                                   ---
Anarchos the Fighter        St:16 Dx:13 Co:19 In:7 Wi:7 Ch:11  Lawful
Dlvl:7  $:0  HP:0(83) Pw:11(11) AC:3  Xp:7 T:6767  Burdened

Latest messages:
 The golden naga casts a spell!
 The golden naga suddenly disappears!
 It bites!
 You hear a mumbled curse.
 You begin bashing monsters with your bare hands.
 You hit it.
 It bites!
 You hear a mumbled curse.
 You hit it.
 You climb up the stairs.
 You see here a tin opener.
 What do you want to throw? [ab or ?*] a
 In what direction? 7
 You have a little trouble lifting an uncursed +0 plate mail.  Continue? [ynq] (q) y
 You have a little trouble lifting q - an uncursed +0 plate mail.
 Your movements are slowed slightly because of your load.
 What do you want to throw? [b or ?*] q
 In what direction? 7
 Your movements are now unencumbered.
 You have a little trouble lifting an uncursed +0 plate mail.  Continue? [ynq] (q) y
 You have a little trouble lifting q - an uncursed +0 plate mail.
 Your movements are slowed slightly because of your load.
 You have a little trouble lifting a - a +1 dwarvish spear (at the ready).
 What do you want to wield? [- abY or ?*] a
 You have that readied.  Wield it instead? [ynq] (q) q
 Your dwarvish spear remains readied.
 What do you want to wear? [qKL or ?*] L
 You are now wearing a cloak of protection.
 What do you want to wear? [*] <esc>
 Never mind.
 You fall down the stairs.
 You detect a strong odor reminiscent of a stable.
 It kicks!
 It bites!
 You hit it.
 It kicks!
 It bites!
 It kicks!
 It bites!
 It kicks!
 It bites!
 You hit it.
 It kicks!
 It bites!
 It kicks!
 It bites!
 It kicks!
 You die...
 Do you want your possessions identified? [ynq] (y) y
 Do you want to see your attributes? [ynq] (y) q

Inventory:
 Weapons  (')')
  b - 5 +0 daggers
  a - a +1 dwarvish spear (at the ready)
 Armor    ('[')
  V - an uncursed +0 orcish helm (being worn)
  c - an uncursed +3 small shield (being worn)
  K - an uncursed +0 cloak of invisibility
  L - an uncursed rotted +0 cloak of protection (being worn)
  q - an uncursed +0 plate mail
 Comestibles  ('%')
  D - an uncursed pancake
  G - an uncursed lizard corpse
 Scrolls  ('?')
  Q - an uncursed scroll of enchant weapon
 Wands    ('/')
  O - a wand of cancellation (0:5)
  H - a wand of cold (0:2)
  o - a wand of sleep (0:7)
 Tools    ('(')
  U - an uncursed sack containing 31 items
  j - a cursed magic lamp named magic lamp (lit)
  n - an uncursed magic whistle
  M - an uncursed oil lamp
  Y - a +0 unicorn horn
 Gems/Stones  ('*')
  P - an uncursed worthless piece of black glass
  J - an uncursed worthless piece of green glass

Contents of the sack:
  159 gold pieces
  a +0 elven broadsword
  an uncursed scroll of enchant armor
  a blessed scroll of gold detection
  an uncursed scroll of punishment
  3 uncursed scrolls of remove curse
  an uncursed scroll of taming
  2 uncursed potions of extra healing
  an uncursed potion of fruit juice
  an uncursed potion of levitation
  an uncursed potion of object detection
  a wand of magic missile (0:6)
  a wand of striking (0:0)
  an uncursed leash
  an uncursed leash
  an uncursed mirror
  an uncursed tallow candle
  an uncursed amber stone
  an uncursed amethyst stone
  2 uncursed aquamarine stones
  an uncursed emerald
  2 uncursed fluorite stones
  an uncursed garnet stone
  2 uncursed jacinth stones
  an uncursed worthless piece of blue glass
  an uncursed worthless piece of orange glass
  an uncursed worthless piece of red glass
  an uncursed worthless piece of white glass
  2 uncursed worthless pieces of yellow glass
  2 uncursed worthless pieces of yellowish brown glass
  an uncursed luckstone

Anarchos the Valkyrie's attributes:

Background:
 You were a Fighter, a level 7 dwarven Valkyrie.
 You were lawful, on a mission for Tyr
 who was opposed by Odin (neutral) and Loki (chaotic).
 You were right-handed.
 You were in the Gnomish Mines, on level 7.
 You entered the dungeon 6767 turns ago.
 You had 1153 experience points, 127 more were needed to attain level 8.

Basics:
 You had 0 out of 83 hit points.
 You had all 11 energy points (spell power).
 Your armor class was 3.
 Your wallet was empty, but
 you had 159 zorkmids stashed away in your pack.
 Autopickup was on for all types.

Final Characteristics:
 Your strength was 16 (peak:18/02, limit:18/100).
 Your dexterity was 13 (limit:20).
 Your constitution was 19 (limit:20).
 Your intelligence was 7 (limit:16).
 Your wisdom was 7 (limit:16).
 Your charisma was 11 (limit:16).

Final Status:
 You weren't hungry.
 You were burdened; movement was slightly slowed.
 You were bare handed.
 You were unskilled in bare handed combat.

Final Attributes:
 You were piously aligned.
 You were cold resistant.
 You were poison resistant.
 You were telepathic.
 You had infravision.
 You were stealthy.
 You were protected.
 You were fast.
 You are dead.

Miscellaneous:
 You didn't encounter any bones levels.
 Total elapsed playing time was 2 hours, 56 minutes and 8 seconds.

Major events:
 Turn
    1: Anarchos the lawful dwarven Valkyrie entered the dungeon
  954: attained the rank of Skirmisher (level 3)
 2256: entered the Gnomish Mines
 3042: attained the rank of Fighter (level 6)
 6088: reached Mine Town
 6767: killed by an invisible chameleon imitating a warhorse

You didn't know any spells.

Skills:
 Fighting Skills
   bare handed combat [Unskilled]
   two weapon combat  [Unskilled]
   riding             [Unskilled]
 Weapon Skills
   dagger             [Basic]
   axe                [Unskilled]
   pick-axe           [Unskilled]
   short sword        [Unskilled]
   broadsword         [Unskilled]
   long sword         [Unskilled]
   two-handed sword   [Unskilled]
   saber              [Unskilled]
   hammer             [Unskilled]
   quarterstaff       [Unskilled]
   polearms           [Unskilled]
   spear              [Skilled]
   trident            [Unskilled]
   lance              [Unskilled]
   sling              [Unskilled]
 Spellcasting Skills
   attack spells      [Unskilled]
   escape spells      [Unskilled]

Voluntary challenges:
 Character rerolling was not enabled.
 You never genocided any monsters.
 You never polymorphed an object.
 You used no wishes.
Achievements:
 You entered a shop.
 You attained the rank of Skirmisher.
 You entered the Gnomish Mines.
 You attained the rank of Fighter.
 You entered Minetown.
 You entered a temple.

 The Dungeons of Doom: levels 1 to 4
    Level 1:
       A grave.
    Level 2:
       A scroll shop, a fountain.
    Level 3:
       A scroll shop.
    Level 4:
       A general store, some fountains.
       Stairs down to The Gnomish Mines.
 The Gnomish Mines: levels 5 to 11
    Level 5:
    Level 6:
    Level 7: <- You were here.
       Final resting place for
          you, killed by an invisible chameleon imitating a warhorse.
    Level 8:
       A tool shop, a temple and an altar, some fountains.
    Level 9:
    Level 10:
    Level 11:


Vanquished creatures:
  a small mimic
  2 gelatinous cubes
  a leocrotta
  a giant beetle
  2 quivering blobs
  a wolf
  a winter wolf cub
  2 leprechauns
  3 giant spiders
  a black light
  2 Green-elves
  a lizard
  a black unicorn
  a gnome mummy
  3 human zombies
  2 rope golems
  2 imps
  a mountain nymph
  a rock piercer
  a yellow light
  a shrieker
  a violet fungus
  5 giant ants
  5 floating eyes
  a dwarf
  a homunculus
  2 hill orcs
  2 rothes
  2 giant bats
  2 werejackals
 an iguana
  3 acid blobs
  2 coyotes
  2 gas spores
  2 large kobolds
  a giant rat
  a cave spider
  a yellow mold
  a red mold
 19 gnomes
  a garter snake
  3 gnome zombies
  7 geckos
  3 jackals
  2 foxes
  a kobold
  2 goblins
  a sewer rat
  4 grid bugs
  5 lichens
  7 newts
121 creatures vanquished.

No species were genocided or became extinct.

Game over:
                       ----------
                      /          \
                     /    REST    \
                    /      IN      \
                   /     PEACE      \
                  /                  \
                  |     Anarchos     |
                  |      159 Au      |
                  |   killed by an   |
                  |    invisible     |
                  |    chameleon     |
                  |   imitating a    |
                  |       2026       |
                 *|     *  *  *      | *
        _________)/\\_//(\/(/\)/\//\/|_)_______

Farvel Anarchos the Valkyrie...

You died in The Gnomish Mines on dungeon level 7 with 5286 points,
and 159 pieces of gold, after 6767 moves.
You were level 7 with a maximum of 83 hit points when you died.

